TOP OF THE 1ST |
Spartanburg Spartans batting - Pitching for Greenville Spinners : RHP Tony Pedroza
|
Pitching: RHP Tony Pedroza
|
|
Batting: SHB Michael Vanderburg
|
0-0: Called Strike 0-1: Ball 1-1: Swinging Strike 1-2: Ball 2-2: Strikes out looking
|
Batting: RHB Ron Dillard
|
0-0: Ball 1-0: SINGLE (Groundball, 4M, EV 101.9 MPH) (infield hit)
|
Batting: LHB John Hennell
|
0-0: Called Strike 0-1: SINGLE (Line Drive, 6D, EV 96.3 MPH) Ron Dillard to second
|
Batting: RHB Gib Seibert
|
0-0: Foul Ball, location: 2F 0-1: Ball 1-1: Foul Ball, location: 2F 1-2: Ball 2-2: SINGLE (Line Drive, 7S, EV 94.4 MPH) Ron Dillard to third John Hennell to second Runner from 3rd tries for Home, SAFE, throw by LF to home
|
Batting: RHB Dan Boever
|
0-0: Called Strike 0-1: Ball 1-1: Swinging Strike 1-2: Ball 2-2: Fly out, F6 (Flyball, 56D, EV 82.5 MPH)
|
Batting: RHB Inocencio Guerrero
|
0-0: Called Strike 0-1: Ball 1-1: Called Strike 1-2: Strikes out swinging
|
Top of the 1st over - 1 run, 3 hits, 0 errors, 2 left on base; Spartanburg 1 - Greenville 0 |
BOTTOM OF THE 1ST |
Greenville Spinners batting - Pitching for Spartanburg Spartans : LHP Michael Finch
|
Pitching: LHP Michael Finch
|
|
Batting: RHB Tony Russell
|
0-0: Ball 1-0: Ball 2-0: Ball 3-0: Base on Balls
|
Batting: RHB Richard Duran
|
0-0: Called Strike 0-1: Grounds into double play, 6-4-3 (Groundball, 6, EV 105.6 MPH)
|
Batting: RHB Glenn Robertson
|
0-0: Ground out 6-3 (Groundball, 6, EV 103.8 MPH)
|
Bottom of the 1st over - 0 runs, 0 hits, 0 errors, 0 left on base; Spartanburg 1 - Greenville 0 |
TOP OF THE 2ND |
Spartanburg Spartans batting - Pitching for Greenville Spinners : RHP Tony Pedroza
|
Batting: LHB Albert Ortiz
|
0-0: Ball 1-0: Foul Ball, location: 2F 1-1: Called Strike 1-2: Ball 2-2: Strikes out swinging
|
Batting: RHB Rigo Rodriguez
|
0-0: Fly out, F3 (Popup, 3S, EV 73.8 MPH)
|
Batting: LHB Ronn Van Krevelen
|
0-0: Called Strike 0-1: Swinging Strike 0-2: Strikes out swinging
|
Top of the 2nd over - 0 runs, 0 hits, 0 errors, 0 left on base; Spartanburg 1 - Greenville 0 |
BOTTOM OF THE 2ND |
Greenville Spinners batting - Pitching for Spartanburg Spartans : LHP Michael Finch
|
Batting: LHB William Hance
|
0-0: Called Strike 0-1: Swinging Strike 0-2: Ball 1-2: Ball 2-2: Ball 3-2: Foul Ball, location: 2F 3-2: Strikes out looking
|
Batting: RHB Ronald Carapezzi
|
0-0: Foul Ball, location: 2F 0-1: Ball 1-1: Foul Ball, location: 2F 1-2: SINGLE (Line Drive, 7LS, EV 93.8 MPH)
|
Batting: LHB John Edmonds
|
0-0: Swinging Strike 0-1: Reached on error, E6 (Groundball, 6M, EV 88.8 MPH) Ronald Carapezzi to second
|
Batting: RHB Michael McEvilly
|
0-0: Fly out, F4 (Popup, 4D, EV 59.4 MPH)
|
Batting: SHB Michael Kennedy
|
0-0: Fly out, F9 (Flyball, 89D, EV 96.9 MPH)
|
Bottom of the 2nd over - 0 runs, 1 hit, 1 error, 2 left on base; Spartanburg 1 - Greenville 0 |
TOP OF THE 3RD |
Spartanburg Spartans batting - Pitching for Greenville Spinners : RHP Tony Pedroza
|
Batting: SHB Michael Vanderburg
|
0-0: Ball 1-0: Foul Ball, location: 2F 1-1: Called Strike 1-2: Ball 2-2: Foul Ball, location: 2F 2-2: Ball 3-2: Base on Balls
|
Batting: RHB Ron Dillard
|
0-0: Called Strike 0-1: Swinging Strike 0-2: Ball 1-2: Foul Ball, location: 2F 1-2: Ball 2-2: Foul Ball, location: 2F 2-2: Strikes out swinging
|
Batting: LHB John Hennell
|
0-0: Called Strike 0-1: Ball 1-1: Fly out, F8 (Line Drive, 8RD, EV 95.6 MPH)
|
Batting: RHB Gib Seibert
|
0-0: Ball 1-0: Foul Ball, location: 2F 1-1: Called Strike 1-2: Ball 2-2: Strikes out swinging
|
Top of the 3rd over - 0 runs, 0 hits, 0 errors, 1 left on base; Spartanburg 1 - Greenville 0 |
BOTTOM OF THE 3RD |
Greenville Spinners batting - Pitching for Spartanburg Spartans : LHP Michael Finch
|
Batting: RHB Darrell Woodard
|
0-0: Fly out, F9 (Line Drive, 9, EV 91.9 MPH)
|
Batting: RHB Tony Russell
|
0-0: Ball 1-0: Ball 2-0: Called Strike 2-1: Ball 3-1: Foul Ball, location: 2F 3-2: Foul Ball, location: 2F 3-2: Ground out 5-3 (Groundball, 56S, EV 85.6 MPH)
|
Batting: RHB Richard Duran
|
0-0: Called Strike 0-1: Called Strike 0-2: Ball 1-2: Ball 2-2: SINGLE (Groundball, 56D, EV 96.3 MPH)
|
Batting: RHB Glenn Robertson
|
0-0: Called Strike 0-1: Foul Ball, location: 2F 0-2: Ball 1-2: Fielders Choice at 2nd, 5-4 (Groundball, 56, EV 107.5 MPH)
|
Bottom of the 3rd over - 0 runs, 1 hit, 0 errors, 1 left on base; Spartanburg 1 - Greenville 0 |
TOP OF THE 4TH |
Spartanburg Spartans batting - Pitching for Greenville Spinners : RHP Tony Pedroza
|
Batting: RHB Dan Boever
|
0-0: SINGLE (Groundball, 56D, EV 95.0 MPH)
|
Batting: RHB Inocencio Guerrero
|
0-0: Ball 1-0: Fly out, F7 (Line Drive, 7, EV 92.5 MPH)
|
Batting: LHB Albert Ortiz
|
0-0: Fly out, F7 (Flyball, 7D, EV 101.9 MPH)
|
Batting: RHB Rigo Rodriguez
|
0-0: Swinging Strike 0-1: Ground out 4-3 (Groundball, 4S, EV 70.6 MPH)
|
Top of the 4th over - 0 runs, 1 hit, 0 errors, 1 left on base; Spartanburg 1 - Greenville 0 |
BOTTOM OF THE 4TH |
Greenville Spinners batting - Pitching for Spartanburg Spartans : LHP Michael Finch
|
Batting: LHB William Hance
|
0-0: Fly out, F9 (Flyball, 89D, EV 99.4 MPH)
|
Batting: RHB Ronald Carapezzi
|
0-0: Called Strike 0-1: Ball 1-1: Ball 2-1: Called Strike 2-2: Ball 3-2: Base on Balls
|
Batting: LHB John Edmonds
|
0-0: Called Strike 0-1: Foul Ball, location: 2F 0-2: Foul Ball, location: 2F 0-2: Foul Ball, location: 2F 0-2: Foul Ball, location: 2F 0-2: Ball 1-2: Foul Ball, location: 2F 1-2: SINGLE (Groundball, 6S, EV 69.4 MPH) (infield hit) Ronald Carapezzi to second
|
Batting: RHB Michael McEvilly
|
0-0: Ball 1-0: Swinging Strike 1-1: Called Strike 1-2: Ball 2-2: SINGLE (Groundball, 34D, EV 99.4 MPH) - runner OUT being hit by batted ball. (infield hit)
|
Batting: SHB Michael Kennedy
|
0-0: Ground out 5-3 (Groundball, 56, EV 103.8 MPH)
|
Bottom of the 4th over - 0 runs, 2 hits, 0 errors, 2 left on base; Spartanburg 1 - Greenville 0 |
TOP OF THE 5TH |
Spartanburg Spartans batting - Pitching for Greenville Spinners : RHP Tony Pedroza
|
Batting: LHB Ronn Van Krevelen
|
0-0: Called Strike 0-1: Ball 1-1: Foul Ball, location: 2F 1-2: Strikes out looking
|
Batting: SHB Michael Vanderburg
|
0-0: Ball 1-0: Fly out, F8 (Flyball, 78D, EV 75.6 MPH)
|
Batting: RHB Ron Dillard
|
0-0: Called Strike 0-1: Ball 1-1: Ground out U3 (Groundball, 34, EV 105.6 MPH)
|
Top of the 5th over - 0 runs, 0 hits, 0 errors, 0 left on base; Spartanburg 1 - Greenville 0 |
BOTTOM OF THE 5TH |
Greenville Spinners batting - Pitching for Spartanburg Spartans : LHP Michael Finch
|
Batting: RHB Darrell Woodard
|
0-0: SINGLE (Groundball, 56D, EV 99.4 MPH)
|
Batting: RHB Tony Russell
|
0-0: Ball 1-0: Called Strike 1-1: Ball 2-1: Ball 3-1: Base on Balls Darrell Woodard to second
|
Batting: RHB Richard Duran
|
0-0: Ball 1-0: Called Strike 1-1: Called Strike 1-2: Ball 2-2: Reached on error, E6 (Groundball, 56, EV 100.0 MPH) Darrell Woodard to third Tony Russell to second
|
Batting: RHB Glenn Robertson
|
0-0: Ball 1-0: Swinging Strike 1-1: Ball 2-1: Called Strike 2-2: Foul Ball, location: 2F 2-2: Ball 3-2: Grounds into double play, 5-2-3 (Groundball, 5S, EV 71.3 MPH) Tony Russell to third Richard Duran to second
|
Batting: LHB William Hance
|
0-0: Ball 1-0: Called Strike 1-1: Foul Ball, location: 2F 1-2: Fly out, F8 (Line Drive, 8RD, EV 98.8 MPH)
|
Bottom of the 5th over - 0 runs, 1 hit, 1 error, 2 left on base; Spartanburg 1 - Greenville 0 |
TOP OF THE 6TH |
Spartanburg Spartans batting - Pitching for Greenville Spinners : RHP Tony Pedroza
|
Batting: LHB John Hennell
|
0-0: SINGLE (Groundball, 4MD, EV 106.9 MPH)
|
Batting: RHB Gib Seibert
|
0-0: Ball 1-0: Called Strike 1-1: DOUBLE (Line Drive, 9LM, EV 104.4 MPH) John Hennell to third
|
Batting: RHB Dan Boever
|
0-0: Ball 1-0: Called Strike 1-1: Swinging Strike 1-2: Ground out 6-3 (Groundball, 6, EV 106.9 MPH) John Hennell scores
|
Batting: RHB Inocencio Guerrero
|
0-0: Ball 1-0: Foul Ball, location: 2F 1-1: Fly out, F6 (Popup, 6, EV 68.8 MPH)
|
Batting: LHB Albert Ortiz
|
0-0: Ball 1-0: Foul Ball, location: 2F 1-1: Ground out 4-3 (Groundball, 4, EV 88.8 MPH)
|
Top of the 6th over - 1 run, 2 hits, 0 errors, 1 left on base; Spartanburg 2 - Greenville 0 |
BOTTOM OF THE 6TH |
Greenville Spinners batting - Pitching for Spartanburg Spartans : LHP Michael Finch
|
Batting: RHB Ronald Carapezzi
|
0-0: Foul Ball, location: 2F 0-1: Foul Ball, location: 2F 0-2: Ball 1-2: Ball 2-2: Ball 3-2: Foul Ball, location: 2F 3-2: Ground out 6-3 (Groundball, 6S, EV 84.4 MPH)
|
Batting: LHB John Edmonds
|
0-0: Ball 1-0: Foul Ball, location: 2F 1-1: Ball 2-1: Swinging Strike 2-2: Ball 3-2: Foul Ball, location: 2F 3-2: Fly out, F8 (Flyball, 8LM, EV 91.3 MPH)
|
Pitching: LHP Chuck Cary
|
|
Batting: RHB Michael McEvilly
|
0-0: SINGLE (Groundball, 56, EV 101.9 MPH) (infield hit)
|
Batting: SHB Michael Kennedy
|
0-0: Ball 1-0: Swinging Strike 1-1: Swinging Strike 1-2: Ball 2-2: Ball 3-2: Foul Ball, location: 2F 3-2: Strikes out swinging
|
Bottom of the 6th over - 0 runs, 1 hit, 0 errors, 1 left on base; Spartanburg 2 - Greenville 0 |
TOP OF THE 7TH |
Spartanburg Spartans batting - Pitching for Greenville Spinners : RHP Tony Pedroza
|
Batting: RHB Rigo Rodriguez
|
0-0: Called Strike 0-1: Foul Ball, location: 2F 0-2: Foul Ball, location: 2F 0-2: Ball 1-2: Ball 2-2: Fly out, F8 (Flyball, 8RM, EV 75.6 MPH)
|
Batting: LHB Ronn Van Krevelen
|
0-0: Ball 1-0: Ball 2-0: Foul Ball, location: 2F 2-1: Ground out 6-3 (Groundball, 6, EV 105.6 MPH)
|
Batting: SHB Michael Vanderburg
|
0-0: Called Strike 0-1: Ground out 5-3 (Groundball, 5, EV 82.5 MPH)
|
Top of the 7th over - 0 runs, 0 hits, 0 errors, 0 left on base; Spartanburg 2 - Greenville 0 |
BOTTOM OF THE 7TH |
Greenville Spinners batting - Pitching for Spartanburg Spartans : LHP Chuck Cary
|
Batting: RHB Darrell Woodard
|
0-0: Ground out U3 (Groundball, 34, EV 85.6 MPH)
|
Batting: RHB Tony Russell
|
0-0: Fly out, F9 (Flyball, 9S, EV 89.4 MPH)
|
Batting: RHB Richard Duran
|
0-0: Called Strike 0-1: Swinging Strike 0-2: Foul Ball, location: 2F 0-2: Ball 1-2: Ball 2-2: Strikes out looking
|
Bottom of the 7th over - 0 runs, 0 hits, 0 errors, 0 left on base; Spartanburg 2 - Greenville 0 |
TOP OF THE 8TH |
Spartanburg Spartans batting - Pitching for Greenville Spinners : RHP Tony Pedroza
|
Batting: RHB Ron Dillard
|
0-0: Ball 1-0: Ball 2-0: Ball 3-0: Called Strike 3-1: Swinging Strike 3-2: Foul Ball, location: 2F 3-2: Foul Ball, location: 2F 3-2: Base on Balls
|
Batting: LHB John Hennell
|
0-0: Ball 1-0: Fly out, F6 (Flyball, 6D, EV 90.0 MPH)
|
Batting: RHB Gib Seibert
|
0-0: Ball 1-0: Called Strike 1-1: Swinging Strike 1-2: Ball 2-2: Strikes out swinging
|
Batting: RHB Dan Boever
|
0-0: Ball 1-0: Called Strike Ron Dillard steals 2nd base 1-1: Foul Ball, location: 2F 1-2: Ground out U3 (Groundball, 34, EV 87.5 MPH)
|
Top of the 8th over - 0 runs, 0 hits, 0 errors, 1 left on base; Spartanburg 2 - Greenville 0 |
BOTTOM OF THE 8TH |
Greenville Spinners batting - Pitching for Spartanburg Spartans : LHP Chuck Cary
|
Batting: RHB Glenn Robertson
|
0-0: Ball 1-0: Ball 2-0: Called Strike 2-1: Ball 3-1: Foul Ball, location: 2F 3-2: Fly out, F8 (Flyball, 8LS, EV 96.3 MPH)
|
Batting: LHB William Hance
|
0-0: Called Strike 0-1: Swinging Strike 0-2: Ball 1-2: Ball 2-2: SINGLE (Line Drive, 89S, EV 102.5 MPH)
|
Batting: RHB Ronald Carapezzi
|
0-0: Ball 1-0: Ball 2-0: DOUBLE (Line Drive, 7LM, EV 108.8 MPH) William Hance to third Runner from 3rd tries for Home, SAFE, no throw by LF
|
Pinch Hitting: RHB Byron Peyton
|
0-0: Ball 1-0: Ball 2-0: Ball 3-0: Base on Balls
|
Batting: RHB Michael McEvilly
|
0-0: Ball 1-0: Swinging Strike 1-1: DOUBLE (Line Drive, 89D, EV 110.6 MPH) Ronald Carapezzi scores Byron Peyton to third
|
Batting: SHB Michael Kennedy
|
0-0: Ball 1-0: SINGLE (Groundball, 6, EV 85.6 MPH) (infield hit) Byron Peyton scores Michael McEvilly to third
|
Batting: RHB Darrell Woodard
|
0-0: Ball 1-0: Foul Ball, location: 2F 1-1: SINGLE (Groundball, 6M, EV 104.4 MPH) (infield hit) Michael McEvilly scores Michael Kennedy to second
|
Batting: RHB Tony Russell
|
0-0: Ball 1-0: Called Strike 1-1: Swinging Strike 1-2: Ball 2-2: Strikes out swinging
|
Batting: RHB Richard Duran
|
0-0: Fielders Choice at 2nd, 6-4 (Groundball, 6, EV 101.3 MPH)
|
Bottom of the 8th over - 4 runs, 5 hits, 0 errors, 2 left on base; Spartanburg 2 - Greenville 4 |
TOP OF THE 9TH |
Spartanburg Spartans batting - Pitching for Greenville Spinners : RHP Tony Pedroza
|
Pitching: RHP Scott Farmer
|
|
Now in RF: David Miller
|
|
Batting: RHB Inocencio Guerrero
|
0-0: Called Strike 0-1: Foul Ball, location: 2F 0-2: Ball 1-2: Ball 2-2: Ball 3-2: Fly out, F6 (Popup, 6, EV 66.3 MPH)
|
Batting: LHB Albert Ortiz
|
0-0: Ball 1-0: Foul Ball, location: 2F 1-1: Fly out, F8 (Flyball, 8LD, EV 103.8 MPH)
|
Batting: RHB Rigo Rodriguez
|
0-0: Ball 1-0: Swinging Strike 1-1: Swinging Strike 1-2: Ball 2-2: Foul Ball, location: 2F 2-2: Ground out U3 (Groundball, 34D, EV 98.8 MPH)
|
Top of the 9th over - 0 runs, 0 hits, 0 errors, 0 left on base; Spartanburg 2 - Greenville 4 |
|